 Dungeon Crawl Stone Soup version 0.31-a0-986-g5e6e4ef867 (webtiles) character file.

Game seed: 16246652424893574814

163 monsoonserge the Ruffian (level 5, -6/33 HPs)
             Began as an Octopode Shapeshifter on Nov 18, 2023.
             Killed by divine providence
             ... invoked by an orc priest
              (13 damage)
             ... on level 4 of the Dungeon.
             The game lasted 00:05:46 (2409 turns).

monsoonserge the Ruffian (Octopode Shapeshifter)    Turns: 2409, Time: 00:05:46

Health: -6/33      AC:  1    Str: 21    XL:     5   Next: 44%
Magic:  5/5        EV: 13    Int: 12    God:
Gold:   160        SH:  0    Dex: 12    Spells: 4/4 levels left

rFire   . .          .
                       - Unarmed
rCold   . . .        (no shield)
rNeg    . . .        (helmet currently unavailable)
rPois   .            (no amulet)
rElec   .            q - ring of resist corrosion
rCorr   +            s - +6 ring of strength
SInv    .            (no ring)
Will    .....        (no ring)
Stlth   +++          (no ring)
HPRegen 0.25/turn    (no ring)
MPRegen 0.09/turn    (no ring)
                     (no ring)

%: no passive effects
@: beast-form
A: beast (slay +2), almost no armour, amphibious, 8 rings, camouflage 1,
gelatinous body 1, (nimble swimmer 1), tentacles
a: Begin Untransformation


You were on level 4 of the Dungeon.
You were a hulking beast.
You visited 1 branch of the dungeon, and saw 4 of its levels.

You collected 160 gold pieces.

Inventory:

Missiles
 m - 4 poisoned darts (quivered)
 r - 6 javelins
Jewellery
 h - a ring of fire
 q - a ring of resist corrosion (left tentacle)
 s - a +6 ring of strength (right tentacle)
Talismans
 b - a beast talisman
 c - a flux talisman
Scrolls
 d - a scroll of revelation {unknown}
 i - a scroll of vulnerability {unknown}
 j - 3 scrolls of identify
 k - a scroll of teleportation {unknown}
 o - a scroll of silence {unknown}
 p - a scroll of enchant weapon {unknown}
 t - a scroll of poison {unknown}
 v - a scroll of brand weapon {unknown}
 w - a scroll of immolation {unknown}
Potions
 a - a potion of lignification
 e - a potion of enlightenment
 f - a potion of invisibility {unknown}
 g - a potion of haste {unknown}
 l - a potion of heal wounds {unknown}
 n - a potion of attraction {unknown}
 u - a potion of might {unknown}
 x - a potion of resistance {unknown}


   Skills:
 + Level 1.2 Fighting
 + Level 2.2 Dodging
 - Level 2.0 Stealth
 * Level 4.6 Unarmed Combat
 + Level 4.0 Shapeshifting


You had 4 spell levels left.
You didn't know any spells.
Your spell library contained the following spells:

 Spells                   Type           Power      Damage    Failure   Level
 Sublimation of Blood     Necr           0%         N/A       45%         2
 Gell's Gravitas          Tloc           0%         N/A       69%         3
 Teleport Other           Tloc           0%         N/A       69%         3
 Petrify                  Tmut/Erth      0%         N/A       97%         4
 Irradiate                Conj/Tmut      0%         3d11      100%        5
 Dispersal                Tloc           0%         N/A       100%        6


Dungeon Overview and Level Annotations

Branches:
Dungeon (4/15)
 Temple: D:4-7

Altars:
Dithmenos
Gozag
Qazlal
Ru
Trog
Yredelemnul

Shops:
D:1 :


Innate Abilities, Weirdness & Mutations

You are a hulking beast.
Your limbs bulge with bestial killing power. (Slay +2)
You cannot wear most types of armour.
You are amphibious.
You can wear up to eight rings at the same time.
Your skin changes colour to match your surroundings (Stealth+).
Your rubbery body absorbs attacks. (AC +1, EV +1)
((You are camouflaged when in or above water. (Stealth+)))
You have tentacles for arms and can constrict up to eight enemies at once.


Message History

You constrict the sleepcap. You bludgeon the sleepcap!
The sleepcap is heavily damaged.
You constrict the sleepcap.
The sleepcap splashes around in the water.
You bludgeon the sleepcap!
The sleepcap is severely damaged.
You constrict the sleepcap.
The adder hisses angrily.
The sleepcap splashes around in the water.
You bludgeon the sleepcap!
You destroy the sleepcap!
You barely miss the adder. Your grab misses the adder. You squeeze the adder.
The adder is heavily wounded.
The adder bites you.
You barely miss the adder. Your grab misses the adder. You squeeze the adder.
You kill the adder!
Unknown command.
You now have 160 gold pieces (gained 11).
There are no items here.
HP restored.
A goblin comes into view. It is wielding a +0 club.
An orc and an orc priest come into view.
The orc priest shouts!
The goblin shouts!
An orc comes into view. It is wielding a +0 club.
You hear an angry hiss.
The orc shouts! x2; You hear a shout!
You tentacle-slap the goblin.
You kill the goblin!
You hear a shout!
A ball python comes into view.
The orc priest calls down the wrath of Beogh upon you.
Pain shoots through your body!
The orc priest calls down the wrath of Beogh upon you.
Beogh smites you!
* * * LOW HITPOINT WARNING * * *
Things that are here:
a +0 club; a goblin corpse The orc priest calls down the wrath of Beogh upon you.
Beogh smites you!
You die...

#......~.###
#.##.#.....# #.
#.#..#.~~~.# #..
#.#.##.~....# #..
#.#.##..~~..#
#..###
#...........#
#.oo..
###.####....#
#.o.#######.#
##.##
..###.#..h......#
..
#...S..)#########
..####.## #. #.
.. .. #.. #..


You could see an orc priest, 2 orcs and a ball python.

Vanquished Creatures
  A sleepcap (D:4)
  A hound zombie (D:3)
  5 adders
  An adder zombie (D:3)
  2 worms
  An orc (D:3)
  6 ball pythons
  A bat (D:1)
  4 endoplasms
  4 giant cockroaches
  12 goblins
  4 hobgoblins
  3 jackals (D:1)
  3 quokkas
  4 frilled lizards
  9 kobolds
  3 rats
64 creatures vanquished.

Notes
Turn   | Place    | Note
-------+----------+-------------------------------------------
     0 | D:1      | monsoonserge the Octopode Shapeshifter began the quest for
                  | the Orb.
     0 | D:1      | Reached XP level 1. HP: 13/13 MP: 1/1
   258 | D:1      | Reached XP level 2. HP: 14/18 MP: 2/2
   556 | D:1      | Found Oggifuk's Book Boutique.
   716 | D:1      | Reached skill level 1 in Stealth
   754 | D:1      | Reached XP level 3. HP: 23/23 MP: 3/3
  1380 | D:2      | Reached XP level 4. HP: 24/28 MP: 4/4
  1620 | D:3      | Found a faded altar of an unknown god.
  1905 | D:3      | Found an opulent altar of Gozag.
  1905 | D:3      | Found a bloodstained altar of Trog.
  1905 | D:3      | Found a shadowy altar of Dithmenos.
  1905 | D:3      | Found a sacrificial altar of Ru.
  1905 | D:3      | Found a shadowy altar of Dithmenos.
  1905 | D:3      | Found a sacrificial altar of Ru.
  2151 | D:3      | Found a stormy altar of Qazlal.
  2246 | D:3      | Reached XP level 5. HP: 23/33 MP: 5/5
  2287 | D:3      | Found a basalt altar of Yredelemnul.
  2409 | D:4      | Killed from afar by an orc priest

Illustrated notes

Levels and vault maps discovered:
D:1:      lightli_arrival_windingriver, layout_basic, serial_shops, shop
D:2:      layout_basic, eino_tiny_chamber
D:3:      cheibrodos_fertilizer, layout_basic, lemuel_zombie_altar_yredelemnul,
          nicolae_qazlal_general_emergency, nicolae_ecumenical_snake_handling
D:4:      layout_loops_cross, regret_index_temple_of_mockery, temple_doors_ab,
          chequers_serial_rivers_micro_c

Skill      XL: |  1  2  3  4 |
---------------+-------------+-----
Stealth        | 1 2 |  2.0
Shapeshifting  | 4 |  4.0
Unarmed Combat | 4 |  4.6
Fighting       | |  1.2
Dodging        | |  2.2

Action                     |  1- 3 |  4- 6 || total
---------------------------+-------+-------++-------
  Melee: Unarmed           |    66 |    52 ||   118
         Tentacles         |    10 |    10 ||    20
         Constrict         |    13 |    14 ||    27
         Punch             |       |     2 ||     2
    Use: Scroll            |       |     1 ||     1
   Stab: Sleeping          |     7 |     8 ||    15
         Distracted        |       |     1 ||     1
 Armour: Skin              |    16 |    17 ||    33
  Dodge: Dodged            |    37 |    20 ||    57

Table legend: (Time is in decaauts)
 A = Elapsed time spent in this place.
 B = Non-inter-level travel time spent in this place.
 C = Inter-level travel time spent in this place.
 D = Time resting spent in this place.
 E = Time spent auto-exploring this place.
 F = Levels seen in this place.
 G = Mean time per level.
                   A        B        C        D        E       F      G
               +--------+--------+--------+--------+--------+-----+--------+
         Total |   2398 |   2207 |    191 |     39 |   1279 |   4 |  599.5 |
       Dungeon |   2398 |   2207 |    191 |     39 |   1279 |   4 |  599.5 |
               +--------+--------+--------+--------+--------+-----+--------+

Top non-repeatable levels by time:
     D:1: 937 daAuts
     D:3: 779 daAuts
     D:2: 621 daAuts
     D:4: 60 daAuts
